 Dungeon Crawl Stone Soup version 0.29-a0-472-ge5599a681e (webtiles) character file.

Game seed: 14149524644700454351

43 dabmancer the Magician (level 3, -4/24 HPs)
             Began as a Human Hedge Wizard on May 22, 2022.
             Slain by Terence
             ... wielding a +0 hand axe
              (5 damage)
             ... on level 2 of the Dungeon.
             The game lasted 00:05:27 (2510 turns).

dabmancer the Magician (Human Hedge Wizard)         Turns: 2510, Time: 00:05:28

Health: -4/24      AC:  3    Str: 10    XL:     3   Next: 82%
Magic:  5/8        EV: 15    Int: 16    God:
Gold:   95         SH:  0    Dex: 12    Spells: 4/9 levels left

rFire   + . .      SeeInvis .   r - staff of fire
rCold   . . .      Faith    .   (no shield)
rNeg    . . .      Spirit   .   i - +0 leather armour
rPois   .          Reflect  .   c - +0 hat
rElec   .          Harm     .   (no cloak)
rCorr   .          Rampage  .   (no gloves)
Will    .....                   (no boots)
Stlth   ++........              (no amulet)
HPRegen 0.08/turn               o - +4 ring of evasion
MPRegen 0.11/turn               (no ring)

@: brilliant, attractive
A: no striking features
a: no special abilities


You were on level 2 of the Dungeon.
You visited 1 branch of the dungeon, and saw 2 of its levels.

You collected 95 gold pieces.

Inventory:

Hand Weapons
 a - a +0 dagger
Missiles
 g - 6 poisoned darts
 j - 71 stones
Armour
 b - a +0 robe
 c - a +0 hat (worn)
 i - a +0 leather armour (worn)
Magical Staves
 r - a staff of fire (weapon)
Jewellery
 o - a +4 ring of evasion (left hand)
Scrolls
 e - a scroll of teleportation {unknown}
 l - a scroll of blinking {unknown}
 n - a scroll of identify {unknown}
 q - 3 scrolls of summoning {unknown}
 s - a scroll of enchant weapon {unknown}
Potions
 d - 2 potions of magic
 f - a potion of brilliance
 h - a potion of degeneration {unknown}
 k - a potion of resistance {unknown}
 m - a potion of flight {unknown}
 p - a potion of attraction


   Skills:
 + Level 2.2 Dodging
 + Level 2.0 Stealth
 + Level 3.8 Spellcasting
 + Level 1.8 Conjurations
 + Level 1.0 Summonings
 + Level 1.0 Translocations


You had 4 spell levels left.
You knew the following spells:

 Your Spells              Type           Power      Damage    Failure   Level
a - Magic Dart            Conj           52%        1d5       11%         1
b - Blink                 Tloc           18%        N/A       24%         2
c - Call Imp              Summ           9%         N/A       24%         2

Your spell library contained the following spells:

 Spells                   Type           Power      Damage    Failure   Level
 Apportation              Tloc           18%        N/A       16%         1
 Summon Small Mammal      Summ           36%        N/A       16%         1
 Necrotize                Necr           16%        1d4       24%         1
 Slow                     Hex            16%        N/A       24%         1
 Conjure Flame            Conj/Fire      13%        6-21      43%         3
 Mephitic Cloud           Conj/Pois/Air  7%         N/A       50%         3


Dungeon Overview and Level Annotations

Branches:
Dungeon (2/15)

Altars:

Annotations:
D:2 Terence


Message History

Terence shouts!
The magic dart hits Terence but does no damage.
The magic dart hits Terence but does no damage.
The magic dart hits Terence but does no damage.
The magic dart hits Terence but does no damage.
The magic dart hits Terence but does no damage.
You hit Terence.
Terence is lightly wounded.
Terence hits you but does no damage.
You closely miss Terence.
Terence is lightly wounded.
Terence barely misses you. x2
You barely miss Terence.
Terence is lightly wounded.
Terence hits you but does no damage.
You hit Terence.
Terence is lightly wounded.
Terence hits you with a +0 hand axe!
Terence says, "Don't bother to defend, it's senseless."
Terence attacks as you move away! Terence closely misses you.
Terence attacks as you move away! Terence barely misses you.
Terence attacks as you move away! Terence hits you but does no damage.
Terence attacks as you move away! Terence hits you with a +0 hand axe.
You see here a giant cockroach corpse.
Terence attacks as you move away! Terence hits you with a +0 hand axe.
Terence hits you with a +0 hand axe. Terence attacks as you move away!
Terence hits you with a +0 hand axe!
* * * LOW HITPOINT WARNING * * *
Terence attacks as you move away! Terence closely misses you.
It was a potion of brilliance.
You feel clever all of a sudden. Terence barely misses you.
o - a +4 ring of evasion (left hand) Terence barely misses you.
Terence attacks as you move away! Terence hits you with a +0 hand axe.
* * * LOW HITPOINT WARNING * * *
It was a potion of attraction.
You feel attractive to monsters. Terence hits you with a +0 hand axe.
You die...

####........†.# #.#≈...≈#
.# ##########.# #####
#.##....# .# #.## #...#
#..>....# .# #..###.#.#
###....## .# ###
##..##.#.######....# .#
#.. ##....#..##.......#
.# #..#
#.#####.#....#...# .#
#...####.@###....#.######
#......@)....##..#
##.#.##.####....##
##.......######.###
...###...##.#..## #...#
........###.##..# ##.#.##
#######.# #.###.###..#..#
##..# #..##..##.###.###
####..## #........>#
#...# ##....##
#..###.#### ###.##


You could see Terence.

Vanquished Creatures
  A dart slug (D:1)
  2 bats (D:1)
  4 endoplasms (D:1)
  3 giant cockroaches
  4 goblins
  5 hobgoblins (D:1)
  3 kobolds
  2 quokkas (D:1)
  4 ball pythons
  2 frilled lizards
  6 rats
36 creatures vanquished.

Notes
Turn   | Place    | Note
-------+----------+-------------------------------------------
     0 | D:1      | dabmancer the Human Hedge Wizard began the quest for the
                  | Orb.
     0 | D:1      | Reached XP level 1. HP: 13/13 MP: 4/4
   233 | D:1      | Reached XP level 2. HP: 16/19 MP: 1/6
   770 | D:1      | Reached XP level 3. HP: 11/24 MP: 1/8
  1353 | D:1      | Learned a level 2 spell: Blink
  1356 | D:1      | Learned a level 2 spell: Call Imp
  1611 | D:1      | Found a faded altar of an unknown god.
  2475 | D:2      | Noticed Terence
  2509 | D:2      | HP: 1/24 [Terence/+0 hand axe (2)]
  2510 | D:2      | Slain by Terence

Illustrated notes

Levels and vault maps discovered:
D:1:      dpeg_arrival_concentric_ovals, layout_basic,
          shapermc_ecumenical_altar_venn
D:2:      layout_rooms, chequers_serial_rivers_marsh, uniq_terence

Action                   || total
-------------------------++-------
Melee: Dagger            ||    42
       Punch             ||     2
       Staff             ||     9
 Cast: Magic Dart        ||    91
  Use: Potion            ||     2
Armor: Robe              ||     1
       Leather armour    ||     7
Dodge: Dodged            ||    34

Table legend: (Time is in decaauts)
 A = Elapsed time spent in this place.
 B = Non-inter-level travel time spent in this place.
 C = Inter-level travel time spent in this place.
 D = Time resting spent in this place.
 E = Time spent auto-exploring this place.
 F = Levels seen in this place.
 G = Mean time per level.
                   A        B        C        D        E       F      G
               +--------+--------+--------+--------+--------+-----+--------+
         Total |   2514 |   2476 |     38 |    369 |   1787 |   2 | 1257.0 |
       Dungeon |   2514 |   2476 |     38 |    369 |   1787 |   2 | 1257.0 |
               +--------+--------+--------+--------+--------+-----+--------+

Top non-repeatable levels by time:
     D:1: 2061 daAuts
     D:2: 453 daAuts
